 Dungeon Sprint DCSS version 0.26.1-2-gb8aa6d0cf2 (webtiles) character file.

Game seed: 16326725560111083166

506198 Groucho the Halfling Catapult (level 21, 183/183 HPs)
             Began as a Halfling Wanderer on Feb 13, 2021.
             Was the Champion of Qazlal.
             Escaped with the Orb!
             The game lasted 00:35:59 (5780 turns).

Groucho the Halfling Catapult (Halfling Wanderer)   Turns: 5780, Time: 00:36:00

Health: 183/183    AC: 46    Str: 27    XL:     21   Next: 34%
Magic:  40/40      EV: 21    Int: 11    God:    Qazlal [******]
Gold:   0          SH: 47    Dex: 24    Spells: 51/51 levels left

rFire    + . .     SeeInvis +   G - +9 fustibalus (elec)
rCold    + . .     Faith    .   E - +18 shield of the Gong {rElec rN+ Will+ EV-5}
rNeg     + + +     Spirit   .   a - +9 gold dragon scales
rPois    +         Reflect  .   K - +2 helmet {SInv}
rElec    +         Harm     .   (no cloak)
rCorr    .         Rampage  .   O - +2 pair of gloves {Str+3}
Will     ++...     NoTele   +   Z - +0 pair of boots {run}
Stlth    ..........             P - macabre finger necklace {rN+}
HPRegen  0.40/turn              y - ring "Keiddu" {Str+6 Slay+6}
MPRegen  0.27/turn              z - +6 ring of strength
                                N - ring "Mygiratzul" {+Inv rN+ Stlth+}

@: studying 2 skills, repel missiles, quick
A: small, mutation resistance 1
0: Orb of Zot
a: Renounce Religion, Evoke Invisibility, Upheaval, Elemental Force, Disaster
Area


You escaped.
You worshipped Qazlal.
Qazlal was exalted by your worship.
You visited 1 branch

Inventory:

Hand Weapons
 F - the +6 shillelagh "Devastator" {shatter}
   (You found it in the Dungeon)
 G - a +9 fustibalus of electrocution (weapon)
Missiles
 H - 948 sling bullets (quivered ammo)
Armour
 a - +9 gold dragon scales (worn)
 D - the +15 Maxwell's patent armour {-Cast -Tele rElec Will+ rCorr}
   (You found it in the Dungeon)

   It insulates you from electricity.
   It affects your willpower, your defense against some magical effects.
   It prevents spellcasting.
   It prevents most forms of teleportation.
   It provides partial protection from all sources of acid and corrosion.
 E - the +18 shield of the Gong (worn) {rElec rN+ Will+ EV-5}
   (You found it in the Dungeon)

   It affects your evasion (-5).
   It insulates you from electricity.
   It protects you from negative energy.
   It affects your willpower, your defense against some magical effects.
 K - a +2 helmet of see invisible (worn)
 O - a +2 pair of gloves of strength (worn)
 Z - a +0 pair of boots of running (worn)
Jewellery
 t - an uncursed ring of willpower
 u - an uncursed amulet of guardian spirit
 v - the ring "Hitouw" {rN+ Slay+5}
   (You took it off a vault guard in the Dungeon)

   [ring of positive energy]

   It affects your accuracy and damage with ranged weapons and melee attacks
   (+5).
   It protects you from negative energy.
 w - an uncursed ring of protection from cold
 y - the ring "Keiddu" (left hand) {Str+6 Slay+6}
   (You found it in the Dungeon)

   [ring of strength]

   It affects your strength (+6).
   It affects your accuracy and damage with ranged weapons and melee attacks
   (+6).
 z - a +6 ring of strength (right hand)
 I - the ring "Iblumas" {Str+6 Dex+2}
   (You found it in the Dungeon)

   [ring of strength]

   It affects your strength (+6).
   It affects your dexterity (+2).
 J - an uncursed ring of resist corrosion
 N - the ring "Mygiratzul" (on amulet) {+Inv rN+ Stlth+}
   (You took it off a fire giant in the Dungeon)

   [ring of stealth]

   It protects you from negative energy.
   It lets you turn invisible.
   It makes you more stealthy.
 P - the macabre finger necklace (around neck) {rN+}
   (You found it in the Dungeon)

   [amulet of nothing]

   It protects you from negative energy.
 Q - the ring "Vaifem" {rPois rC+++ Will- Str-3 Slay+4}
   (You took it off a meliai in the Dungeon)

   [ring of poison resistance]

   It affects your strength (-3).
   It affects your accuracy and damage with ranged weapons and melee attacks
   (+4).
   It renders you almost immune to cold.
   It protects you from poison.
   It affects your willpower, your defense against some magical effects.
 X - an uncursed ring of positive energy
Wands
 A - a wand of disintegration (7)
 B - a wand of iceblast (7)
 C - a wand of acid (7)
Scrolls
 j - 4 scrolls of blinking
 n - 4 scrolls of amnesia
 o - 9 scrolls of fog
 p - a scroll of holy word
 q - 5 scrolls of identify
 r - 5 scrolls of remove curse
 s - 2 scrolls of fear
 L - 6 scrolls of brand weapon
 M - 4 scrolls of enchant armour
 U - 2 scrolls of acquirement
 Y - 8 scrolls of enchant weapon
Potions
 b - 2 potions of brilliance
 c - a potion of lignification
 d - 2 potions of invisibility
 e - 10 potions of curing
 f - 7 potions of heal wounds
 g - 9 potions of haste
 h - 4 potions of magic
 i - 3 potions of berserk rage
 k - 4 potions of resistance
 m - 7 potions of might
Books
 x - a manual of Long Blades
 S - a manual of Throwing
 V - a manual of Long Blades


   Skills:
 O Level 27 Fighting
 - Level 2.0 Long Blades
 O Level 27 Slings
 O Level 27 Armour
 + Level 21.1 Dodging
 - Level 4.3 Stealth
 O Level 27 Shields
 + Level 15.8 Spellcasting
 O Level 27 Invocations


You had 51 spell levels left.
You didn't know any spells.
Your spell library contained the following spells:

 Spells                   Type           Power        Failure   Level
 Animate Skeleton         Necr           16%          41%         1
 Apportation              Tloc           16%          41%         1
 Beastly Appendage        Tmut           16%          41%         1
 Corona                   Hex            8%           41%         1
 Foxfire                  Conj/Fire      32%          41%         1
 Magic Dart               Conj           32%          41%         1
 Sandblast                Erth           16%          41%         1
 Shock                    Conj/Air       32%          41%         1
 Sting                    Tmut/Pois      32%          41%         1
 Summon Small Mammal      Summ           32%          41%         1
 Blink                    Tloc           N/A          54%         2
 Call Imp                 Summ           8%           54%         2
 Corpse Rot               Necr/Air       N/A          54%         2
 Ensorcelled Hibernation  Hex/Ice        16%          54%         2
 Passwall                 Tmut/Erth      6%           54%         2
 Poisonous Vapours        Pois/Air       16%          54%         2
 Searing Ray              Conj           16%          54%         2
 Slow                     Hex            8%           54%         2
 Sublimation of Blood     Necr           4%           54%         2
 Swiftness                Air            8%           54%         2
 Wereblood                Tmut           8%           54%         2
 Call Canine Familiar     Summ           8%           78%         3
 Confusing Touch          Hex            8%           78%         3
 Conjure Flame            Conj/Fire      8%           78%         3
 Dazzling Flash           Conj/Hex       16%          78%         3
 Gell's Gravitas          Tloc           4%           78%         3
 Ignite Poison            Fire/Tmut/Pois 8%           78%         3
 Inner Flame              Hex/Fire       8%           78%         3
 Lesser Beckoning         Tloc           4%           78%         3
 Mephitic Cloud           Conj/Pois/Air  8%           78%         3
 Portal Projectile        Hex/Tloc       16%          78%         3
 Spider Form              Tmut/Pois      4%           78%         3
 Static Discharge         Conj/Air       8%           78%         3
 Stone Arrow              Conj/Erth      16%          78%         3
 Summon Guardian Golem    Hex/Summ       8%           78%         3
 Teleport Other           Tloc           8%           78%         3
 Tukima's Dance           Hex            8%           78%         3
 Vampiric Draining        Necr           4%           78%         3
 Airstrike                Air            4%           99%         4
 Animate Dead             Necr           4%           99%         4
 Cause Fear               Hex            4%           99%         4
 Dispel Undead            Necr           8%           99%         4
 Fulminant Prism          Conj/Hex       4%           99%         4
 Ice Form                 Ice/Tmut       8%           99%         4
 Leda's Liquefaction      Hex/Erth       4%           99%         4
 Olgreb's Toxic Radiance  Pois           8%           99%         4
 Passage of Golubria      Tloc           N/A          99%         4
 Petrify                  Tmut/Erth      8%           99%         4
 Sticky Flame             Conj/Fire      8%           99%         4
 Summon Ice Beast         Ice/Summ       8%           99%         4
 Summon Lightning Spire   Summ/Air       8%           99%         4
 Alistair's Intoxication  Tmut/Pois      5%           100%        5
 Blade Hands              Tmut           4%           100%        5
 Bolt of Magma            Conj/Fire/Erth 4%           100%        5
 Borgnjor's Vile Clutch   Necr/Erth      4%           100%        5
 Fireball                 Conj/Fire      4%           100%        5
 Irradiate                Conj/Tmut      4%           100%        5
 Lee's Rapid Deconstruct  Erth           4%           100%        5
 Lightning Bolt           Conj/Air       4%           100%        5
 Metabolic Englaciation   Hex/Ice        4%           100%        5
 Silence                  Hex/Air        4%           100%        5
 Summon Demon             Summ           4%           100%        5
 Summon Forest            Summ/Tloc      4%           100%        5
 Summon Mana Viper        Hex/Summ       8%           100%        5
 Yara's Violent Unravell  Hex/Tmut       4%           100%        5
 Conjure Ball Lightning   Conj/Air       4%           100%        6
 Death Channel            Necr           4%           100%        6
 Dispersal                Tloc           4%           100%        6
 Eringya's Noxious Bog    Tmut/Pois      4%           100%        6
 Hydra Form               Tmut           4%           100%        6
 Invisibility             Hex            8%           100%        6
 Iron Shot                Conj/Erth      4%           100%        6
 Shadow Creatures         Summ           N/A          100%        6
 Simulacrum               Ice/Necr       4%           100%        6
 Starburst                Conj/Fire      4%           100%        6
 Statue Form              Tmut/Erth      5%           100%        6
 Malign Gateway           Summ/Tloc      4%           100%        7
 Monstrous Menagerie      Summ           4%           100%        7
 Summon Greater Demon     Summ           4%           100%        7
 Summon Hydra             Summ           4%           100%        7
 Chain Lightning          Conj/Air       4%           100%        8
 Disjunction              Tloc           4%           100%        8
 Ignition                 Fire           4%           100%        8
 Lehudib's Crystal Spear  Conj/Erth      4%           100%        8
 Summon Horrible Things   Summ           4%           100%        8
 Absolute Zero            Ice            4%           100%        9
 Fire Storm               Conj/Fire      4%           100%        9
 Shatter                  Erth           4%           100%        9
 Tornado                  Air            4%           100%        9


Dungeon Overview and Level Annotations

Branches:
Dungeon (1/1)

Altars:
Ashenzari
Cheibriados
Dithmenos
Elyvilon
Fedhas
Gozag
Hepliaklqana
Kikubaaqudgha
Makhleb
Nemelex Xobeh
Okawaru
Qazlal
Ru
Sif Muna
Trog
Uskayaw
Vehumet
Wu Jian
Xom
Yredelemnul
Zin
The Shining One
Beogh
Jiyva
Lugonu


Innate Abilities, Weirdness & Mutations

You are small and have problems with some larger weapons.
You are somewhat resistant to further mutation.


Message History

The Tzitzimitl is almost dead.
Unknown command.
Unknown command.
Fire: 949 sling bullets
Press: ? - help, Q - select action, (/) - cycle Shift-Dir - straight line, f/p - Tzitzimitl
Aim: a Tzitzimitl (almost dead, 74% to hit)
You shoot a sling bullet. The sling bullet hits the Tzitzimitl!!
You kill the Tzitzimitl!
Qazlal accepts your kill.
Unknown command.
You feel more experienced!
Your Dodging skill increases to level 21!
You have reached level 21!
Your experience leads to an increase in your attributes!
Your base attributes are Str 12, Int 11, Dex 23.
Increase (S)trength, (I)ntelligence, or (D)exterity?
You feel agile.
Unknown command.
Unknown command.
You have escaped!

.÷[).}))....▓..▓.......▓..▓...8©8
)..[.)......▓.▓▓▓.....▓▓▓.▓≈.[[[)
..())...[...▓..▓.......▓..▓..=)||
.)(.........▓.............▓≈(≈...
....)..)....▓......©......▓.≈..)÷
...(..).....▓▓▓▓▓▓▓▓▓▓▓▓▓▓▓..≈).)
............▓8888888888888▓.≈≈≈..
▓.......▓...▓8.°§§....(..8▓..▓≈..
≈...........▓8..@((((.©(.8▓....≈.
.≈≈.........▓8.§........(8▓≈.≈.©≈
.≈≈≈©.......▓8888888888888▓▓▓▓▓▓▓
▓▓▓▓▓▓▓▓▓▓▓▓▓▓▓▓▓▓▓▓▓▓▓▓▓▓▓▓▓▓▓▓▓
.....8©8."......▓........8©8.....
})|[[..|.[.|}}[.▓.=}..=.)}.}[[})}
[|)).[..).|.)[).▓..}}..}..)....")
[))}=.)..}....}.▓.|.)[.)).)..})..
........)[.)....▓...)[....).[....


There were no monsters in sight!

Vanquished Creatures
  3 ancient liches (D)
  4 shard shrikes (D)
  A Tzitzimitl (D)
  4 Ice Fiends (D)
  10 deep elf master archers (D)
  2 deep elf blademasters (D)
  4 liches (D)
  A titan (D)
  5 shadow dragons (D)
  2 fire giants (D)
  A ghost moth (D)
  A deep elf sorcerer (D)
  An emperor scorpion (D)
  2 orc warlords (D)
  6 ghouls (D)
  A reaper (D)
  3 very ugly things (D)
  4 spriggan defenders (D)
  10 vampire knights (D)
  10 stone giants (D)
  A spark wasp (D)
  3 entropy weavers (D)
  A blizzard demon (D)
  8 merfolk javelineers (D)
  2 fire dragons (D)
  9 yaktaur captains (D)
  24 vault guards (D)
  2 hydras (D)
  5 merfolk impalers (D)
  2 centaur warriors (D)
  A merfolk avatar (D)
  5 merfolk aquamancers (D)
  7 spriggan air magi (D)
  2 two-headed ogres (D)
  A satyr (D)
  6 dancing weapons (D)
  10 vampire magi (D)
  4 deep elf knights (D)
  6 spriggan berserkers (D)
  11 skeletal warriors (D)
  A sixfirhy (D)
  A goliath frog (shapeshifter) (D)
  2 sea snakes (D)
  9 orc knights (D)
  A deep elf archer (D)
  10 necromancers (D)
  6 deep elf magi (D)
  3 orb spiders (D)
  A faun (shapeshifter) (D)
  2 ugly things (D)
  An orc sorcerer (D)
  A cyclops (shapeshifter) (D)
  A manticore (D)
  2 moths of wrath (D)
  6 wolf spiders (D)
  5 cyclopes (D)
  2 large abominations (D)
  A black mamba (D)
  An eye of devastation (shapeshifter) (D)
  A merfolk siren (D)
  2 elephants (D)
  A smoke demon (D)
  10 cane toads (D)
  3 water nymphs (D)
  A torpor snail (D)
  A cane toad (shapeshifter) (D)
  3 efreet (D)
  2 komodo dragons (D)
  A tormentor (D)
  A komodo dragon (shapeshifter) (D)
  7 yaktaurs (D)
  4 freezing wraiths (D)
  5 demonic crawlers (D)
  5 ice devils (D)
  2 ancient zymes (D)
  A meliai (D)
  A troll (D)
  4 jumping spiders (D)
  A polar bear (D)
  A meliai (shapeshifter) (D)
  3 wind drakes (D)
  2 merfolk (D)
  9 hornets (D)
  2 blink frogs (D)
  A snapping turtle (D)
  3 air elementals (D)
  6 redbacks (D)
  4 flying skulls (D)
  A human (shapeshifter) (D)
  10 shadows (D)
  A tarantella (shapeshifter) (D)
  4 tarantellas (D)
  A fire elemental (D)
  A wyvern (D)
  6 vampires (D)
  3 yaks (D)
  A basilisk (D)
  2 neqoxecs (D)
  3 wargs (D)
  10 water moccasins (D)
  2 hell hounds (D)
  18 orc warriors (D)
  2 phantoms (D)
  6 necrophages (D)
  10 ogres (D)
  6 centaurs (D)
  2 earth elementals (D)
  13 wights (D)
  2 crimson imps (D)
  A quasit (D)
  3 orc priests (D)
  4 iron imps (D)
  A hell rat (D)
  An adder (D)
  A river rat (D)
  A shadow imp (D)
  5 white imps (D)
  3 ufetubi (D)
  8 adder skeletons (D)
  13 adder zombies (D)
  3 ball pythons (D)
  13 bat skeletons (D)
  14 bat zombies (D)
  A jackal (D)
  A ball python skeleton (D)
  A giant cockroach zombie (D)
  A jackal skeleton (D)
  3 leopard gecko skeletons (D)
  7 leopard gecko zombies (D)
  2 quokka skeletons (D)
  2 quokka zombies (D)
  2 fire vortices (D)
523 creatures vanquished.

Vanquished Creatures (collateral kills)
  A lich (D)
  A ghoul (D)
  A jackal skeleton (D)
3 creatures vanquished.

Vanquished Creatures (others)
  A deep elf sorcerer (D)
  A fire dragon (D)
  A deep elf mage (D)
  A fire elemental (D)
4 creatures vanquished.

Grand Total: 530 creatures vanquished

Notes
Turn   | Place    | Note
-------+----------+-------------------------------------------
     0 | D        | Groucho the Halfling Wanderer began the quest for the Orb.
     0 | D        | Groucho set off with the following items: a +0 falchion, a
                  | +2 leather armour, a potion of lignification, a +0 dagger,
                  | a potion of curing, a potion of heal wounds, a potion of
                  | haste, 2 potions of magic, a potion of berserk rage, a
                  | scroll of blinking
     0 | D        | Reached XP level 1. HP: 15/15 MP: 1/1
    13 | D        | Found a shimmering blue altar of Sif Muna.
    13 | D        | Found a bloodstained altar of Trog.
    13 | D        | Found a sacrificial altar of Ru.
    13 | D        | Found a stormy altar of Qazlal.
    13 | D        | Found an iron altar of Okawaru.
    14 | D        | Found a sparkling altar of Nemelex Xobeh.
    14 | D        | Found a blossoming altar of Fedhas.
    15 | D        | Found the +6 Majin-Bo {vamp, MP+6 Int+6}
    15 | D        | Found the +9 heavy crossbow "Sniper" {vorpal, Acc+∞ SInv}
    15 | D        | Found the +10 dark maul {vorpal}
    15 | D        | Found the +15 Maxwell's patent armour {-Cast -Tele rElec
                  | Will+ rCorr}
    15 | D        | Found the +18 shield of the Gong {rElec rN+ Will+ EV-5}
    15 | D        | Found the cursed +14 obsidian axe {vorpal, +Fly SInv
                  | *Curse}
    15 | D        | Found the +7 great mace "Firestarter" {inner flame, rF++}
    15 | D        | Found the +6 shillelagh "Devastator" {shatter}
    15 | D        | Found the +11 plutonium sword {*Contam Stlth-}
    15 | D        | Found the +8 lance "Wyrmbane" {slay drac, rPois rF+ rC+
                  | AC+3}
    15 | D        | Found the +9 sword of Zonguldrok {reap}
    15 | D        | Found the cursed +13 scythe of Curses {drain, *Curse}
    15 | D        | Found the +5 sword of Power {vorpal}
    15 | D        | Found the +7 mace of Variability {chain chaos}
    15 | D        | Found the +7 Singing Sword {vorpal, sonic wave}
    15 | D        | Found the +8 storm bow {elec, penet}
    16 | D        | Found a transporter.
    16 | D        | Found an ancient bone altar of Kikubaaqudgha.
    16 | D        | Found a viscous altar of Jiyva.
    16 | D        | Found a corrupted altar of Lugonu.
    16 | D        | Found a hazy altar of Hepliaklqana.
    16 | D        | Found a burning altar of Makhleb.
    16 | D        | Found an opulent altar of Gozag.
    45 | D        | Became a worshipper of Qazlal Stormbringer
    88 | D        | Entered arena 2.
    88 | D        | Found a transporter.
    91 | D        | Reached XP level 2. HP: 21/21 MP: 1/3
   321 | D        | Entered arena 3.
   321 | D        | Noticed a water moccasin
   321 | D        | Noticed a water moccasin
   321 | D        | Found a transporter.
   324 | D        | Reached * piety under Qazlal
   326 | D        | Killed a water moccasin
   326 | D        | Killed a water moccasin
   327 | D        | Reached XP level 3. HP: 30/30 MP: 3/7
   327 | D        | Reached XP level 4. HP: 36/36 MP: 3/8
   327 | D        | Reached XP level 5. HP: 41/41 MP: 3/9
   327 | D        | Reached XP level 6. HP: 46/46 MP: 3/10
   497 | D        | Entered arena 4.
   497 | D        | Noticed an ancient zyme
   497 | D        | Found a transporter.
   502 | D        | Reached ** piety under Qazlal
   509 | D        | Killed an ancient zyme
   509 | D        | Reached *** piety under Qazlal
   510 | D        | Reached XP level 7. HP: 46/54 MP: 11/13
   645 | D        | Entered arena 5.
   645 | D        | Noticed a water moccasin
   645 | D        | Found a transporter.
   647 | D        | Killed a water moccasin
   986 | D        | Entered arena 6.
   986 | D        | Found a transporter.
   989 | D        | Reached **** piety under Qazlal
   993 | D        | Reached XP level 8. HP: 61/61 MP: 1/14
  1310 | D        | Entered arena 7.
  1310 | D        | Noticed a deep elf knight
  1310 | D        | Noticed an air elemental
  1310 | D        | Noticed a fire elemental
  1310 | D        | Noticed a deep elf mage
  1310 | D        | Noticed an air elemental
  1312 | D        | Killed a deep elf mage
  1313 | D        | Killed an air elemental
  1313 | D        | Killed a fire elemental
  1319 | D        | Killed an air elemental
  1320 | D        | Reached skill level 10 in Armour
  1320 | D        | Reached skill level 10 in Shields
  1320 | D        | Reached skill level 10 in Invocations
  1321 | D        | Killed a deep elf knight
  1322 | D        | Reached XP level 9. HP: 52/69 MP: 11/16
  1325 | D        | Found a transporter.
  1403 | D        | Entered arena 8.
  1407 | D        | Reached ***** piety under Qazlal
  1408 | D        | Found a transporter.
  1602 | D        | Entered arena 9.
  1604 | D        | Found a transporter.
  1656 | D        | Entered arena 10.
  1656 | D        | Noticed a deep elf mage
  1656 | D        | Noticed a +4 glaive of flaming
  1656 | D        | Noticed a deep elf mage
  1656 | D        | Noticed a deep elf mage
  1656 | D        | Noticed a deep elf mage
  1656 | D        | Noticed a deep elf knight
  1656 | D        | Noticed a +4 hand axe of flaming
  1657 | D        | Found the +8 orange crystal plate armour {Archmagi, Int+3
                  | Clar}
  1657 | D        | Identified the +10 battleaxe "Earthworm" {flame, rN+}
  1657 | D        | Found a transporter.
  1658 | D        | Killed a +4 hand axe of flaming
  1658 | D        | Killed a +4 glaive of flaming
  1658 | D        | Killed a deep elf mage
  1658 | D        | Reached ****** piety under Qazlal
  1658 | D        | Killed a deep elf mage
  1658 | D        | Killed a deep elf mage
  1658 | D        | Killed a deep elf knight
  1659 | D        | Reached XP level 10. HP: 79/79 MP: 10/19
  1659 | D        | Killed a deep elf mage
  1660 | D        | Reached XP level 11. HP: 85/85 MP: 3/21
  1935 | D        | Entered arena 11.
  1935 | D        | Noticed a cyclops
  1936 | D        | Found a transporter.
  1937 | D        | Killed a cyclops
  2123 | D        | Got the Collected Works on Heat
  2279 | D        | Entered arena 12.
  2279 | D        | Noticed a large abomination
  2279 | D        | Noticed a white very ugly thing
  2279 | D        | Noticed a large abomination
  2280 | D        | Noticed a sixfirhy
  2281 | D        | Found a transporter.
  2283 | D        | Killed a large abomination
  2285 | D        | Killed a sixfirhy
  2292 | D        | Killed a white very ugly thing
  2293 | D        | Killed a large abomination
  2524 | D        | Entered arena 13.
  2524 | D        | Noticed a merfolk impaler
  2524 | D        | Noticed a merfolk impaler
  2524 | D        | Noticed a merfolk avatar
  2524 | D        | Noticed a satyr
  2524 | D        | Noticed a merfolk aquamancer
  2525 | D        | Noticed a cyclops
  2525 | D        | Noticed a merfolk siren
  2527 | D        | Killed a merfolk siren
  2527 | D        | Killed a merfolk impaler
  2527 | D        | Killed a satyr
  2527 | D        | Killed a merfolk impaler
  2527 | D        | Killed a merfolk avatar
  2527 | D        | Found a transporter.
  2528 | D        | Reached skill level 15 in Armour
  2528 | D        | Reached skill level 15 in Shields
  2528 | D        | Reached skill level 15 in Invocations
  2528 | D        | Reached XP level 12. HP: 51/95 MP: 15/23
  2528 | D        | Killed a merfolk aquamancer
  2849 | D        | Entered arena 14.
  2849 | D        | Noticed a fire dragon
  2850 | D        | Noticed a fire dragon
  2850 | D        | Noticed a fire dragon
  2850 | D        | Noticed a fire giant
  2853 | D        | Killed a fire dragon
  2853 | D        | Killed a fire dragon
  2853 | D        | Killed a fire giant
  2854 | D        | Identified the ring "Mygiratzul" {+Inv rN+ Stlth+}
  2854 | D        | Noticed a fire giant
  2857 | D        | Killed a fire dragon
  2858 | D        | Reached XP level 13. HP: 23/102 MP: 3/25
  2865 | D        | Killed a fire giant
  3049 | D        | Found a transporter.
  3116 | D        | Entered arena 15.
  3116 | D        | Noticed a vampire knight
  3118 | D        | Noticed a lich
  3119 | D        | Found the macabre finger necklace {rN+}
  3120 | D        | Reached skill level 15 in Fighting
  3122 | D        | Killed a vampire knight
  3124 | D        | Killed a lich
  3125 | D        | Found a transporter.
  3153 | D        | Got the Handbook of Torrid Changing
  3344 | D        | Entered arena 16.
  3344 | D        | Noticed a merfolk javelineer
  3344 | D        | Noticed a merfolk impaler
  3344 | D        | Noticed a merfolk impaler
  3345 | D        | Noticed a merfolk impaler
  3345 | D        | Noticed a merfolk javelineer
  3346 | D        | Killed a merfolk javelineer
  3346 | D        | Killed a merfolk impaler
  3346 | D        | Killed a merfolk impaler
  3348 | D        | Noticed a merfolk javelineer
  3349 | D        | Killed a merfolk impaler
  3349 | D        | Killed a merfolk javelineer
  3350 | D        | Reached XP level 14. HP: 108/112 MP: 8/27
  3356 | D        | Found a transporter.
  3381 | D        | Entered arena 17.
  3383 | D        | Noticed a purple very ugly thing
  3383 | D        | Noticed a cyan very ugly thing
  3384 | D        | Identified the ring "Vaifem" {rPois rC+++ Will- Str-3
                  | Slay+4}
  3387 | D        | Reached skill level 15 in Slings
  3387 | D        | Killed a green very ugly thing
  3387 | D        | Killed a purple very ugly thing
  3388 | D        | Identified the +11 dagger "Beogonoup" {vamp, +Blink Int+4}
  3390 | D        | Found a transporter.
  3615 | D        | Entered arena 18.
  3617 | D        | Noticed a deep elf master archer
  3617 | D        | Noticed a deep elf sorcerer
  3617 | D        | Noticed a deep elf blademaster
  3617 | D        | Noticed a deep elf master archer
  3618 | D        | Noticed a deep elf sorcerer
  3618 | D        | Noticed a deep elf master archer
  3618 | D        | Noticed a deep elf blademaster
  3619 | D        | Killed a deep elf sorcerer
  3619 | D        | Killed a deep elf blademaster
  3619 | D        | Killed a deep elf blademaster
  3619 | D        | Killed a deep elf sorcerer
  3620 | D        | Killed a deep elf master archer
  3620 | D        | Killed a deep elf master archer
  3620 | D        | Killed a deep elf master archer
  3621 | D        | Reached XP level 15. HP: 110/120 MP: 13/29
  3625 | D        | Found a transporter.
  3633 | D        | Got the Papyrus of Glacial Sinister Magic
  3797 | D        | Entered arena 19.
  3891 | D        | Found a transporter.
  3931 | D        | Got Xerasman's Compendium of Virous Calling
  3936 | D        | Entered arena 20.
  3942 | D        | Identified the +6 trident of Spontaneous Combustion
                  | {vorpal, rC- Dex+3 SInv}
  3942 | D        | Noticed an orc warlord
  3946 | D        | Killed an orc warlord
  3951 | D        | Found the +8 arc blade {discharge, rElec}
  3952 | D        | Found a transporter.
  4069 | D        | Got the Collected Works on the Vitriolic Arsonist
  4080 | D        | Got the ring of Midnight {rPois rC+ Str+5 Int-5 Stlth+}
  4084 | D        | Got the Catalogue of Transmutation
  4163 | D        | Entered arena 21.
  4167 | D        | Noticed a ghost moth
  4170 | D        | Killed a ghost moth
  4172 | D        | Noticed an emperor scorpion
  4175 | D        | Found the +4 robe of Augmentation {Str+4 Int+4 Dex+4}
  4176 | D        | Found a transporter.
  4184 | D        | Killed an emperor scorpion
  4433 | D        | Entered arena 22.
  4436 | D        | Noticed an orc warlord
  4439 | D        | Noticed a stone giant
  4441 | D        | Killed a stone giant
  4442 | D        | Reached XP level 16. HP: 131/131 MP: 22/30
  4442 | D        | Identified the +11 trident of Doors {drain, +Blink rC+
                  | Int+4 SInv}
  4445 | D        | Identified the +8 trident of Voisez {protect, Dex+3} (You
                  | took it off an orc warrior in the Dungeon)
  4449 | D        | Found a transporter.
  4478 | D        | Identified a +0 pair of boots of running (You found it in
                  | the Dungeon)
  4502 | D        | Got Sif Muna's Almanac of Fetching Lightness
  4505 | D        | Got the Incunabulum of Entrancing Attacks
  4777 | D        | Entered arena 23.
  4782 | D        | Noticed a deep elf master archer
  4782 | D        | Noticed a deep elf master archer
  4784 | D        | Noticed a deep elf master archer
  4784 | D        | Noticed a deep elf master archer
  4784 | D        | Noticed a deep elf master archer
  4785 | D        | Identified the +0 scale mail of Marbles {rC+ Regen+ Stlth+}
  4785 | D        | Noticed a deep elf master archer
  4785 | D        | Noticed a deep elf master archer
  4786 | D        | Found the +0 pair of fencer's gloves {Riposte Dex+3}
  4786 | D        | Identified the cursed +1 scythe of a Million Beds {venom,
                  | rPois Str+2 Stlth+}
  4786 | D        | Killed a deep elf master archer
  4786 | D        | Killed a deep elf master archer
  4786 | D        | Killed a deep elf master archer
  4786 | D        | Killed a deep elf master archer
  4787 | D        | Killed a deep elf master archer
  4787 | D        | Killed a deep elf master archer
  4787 | D        | Killed a deep elf master archer
  4788 | D        | Reached XP level 17. HP: 56/140 MP: 16/32
  5042 | D        | Found a transporter.
  5105 | D        | Got the Almanac of Supportive Stones
  5117 | D        | Entered arena 24.
  5122 | D        | Noticed an ancient lich
  5122 | D        | Identified the +1 leather armour of Eternal Vigilance
                  | {rElec rC- Str+10 Dex+6}
  5122 | D        | Identified the +8 mace of Trog's Benevolence {flame, rPois}
  5122 | D        | Identified the ring of Xom's Best Wishes {rN+ MP+9 Str-5
                  | Dex+4}
  5123 | D        | Identified the cursed +0 quarterstaff of the Forest
                  | {vorpal, Will+ Str+4}
  5124 | D        | Identified the +8 quarterstaff "Buov" {flame, rC+ rN+
                  | Int-2}
  5124 | D        | Killed an ancient lich
  5132 | D        | Identified the cursed +1 quarterstaff of Mattiyd {flame,
                  | Dex+3}
  5137 | D        | Found a transporter.
  5161 | D        | Got the ring "Kabisod" {*Drain rF++ rN+ Int+3}
  5171 | D        | Got the ring "Goett" {+Fly rElec Will+++ Str+6 Dex-2}
  5188 | D        | Entered arena 25.
  5194 | D        | Noticed a shadow dragon
  5194 | D        | Noticed an ancient lich
  5194 | D        | Noticed a lich
  5194 | D        | Noticed a lich
  5195 | D        | Noticed a shadow dragon
  5195 | D        | Noticed an ancient lich
  5196 | D        | Noticed a shadow dragon
  5196 | D        | Noticed a shadow dragon
  5196 | D        | Identified the +1 robe "Fadei" {Harm Str+2}
  5196 | D        | Noticed a shadow dragon
  5196 | D        | Noticed a titan
  5197 | D        | Killed a lich
  5198 | D        | Reached skill level 27 in Slings
  5198 | D        | Killed a shadow dragon
  5198 | D        | Killed a lich
  5198 | D        | Killed a shadow dragon
  5198 | D        | Killed a titan
  5198 | D        | Killed a shadow dragon
  5199 | D        | Reached XP level 18. HP: 123/153 MP: 19/34
  5199 | D        | Killed an ancient lich
  5202 | D        | Killed an ancient lich
  5299 | D        | Found a transporter.
  5313 | D        | Got the Tome of Conjuration
  5318 | D        | Got the ring "Hitouw" {rN+ Slay+5}
  5327 | D        | Got the Handbook of the Final Xeniums
  5347 | D        | Entered arena 26.
  5358 | D        | Reached skill level 27 in Armour
  5358 | D        | Reached skill level 27 in Shields
  5358 | D        | Reached skill level 27 in Invocations
  5358 | D        | Reached XP level 19. HP: 165/165 MP: 28/36
  5366 | D        | Found a transporter.
  5385 | D        | Got the ring "Iblumas" {Str+6 Dex+2}
  5402 | D        | Got the Almanac of Spatial Poison
  5416 | D        | Found the +3 salamander hide armour {Flames rF++ rC--}
  5470 | D        | Entered arena 27.
  5477 | D        | Identified the +1 dagger of the Endless Xenophobes {speed,
                  | Stlth+}
  5477 | D        | Identified the amulet "Yhoad" {RegenMP *Drain rF++}
  5478 | D        | Noticed a lich
  5478 | D        | Identified the +3 great mace "Vubimuxt" {vorpal, rC+ rN+
                  | MP+9}
  5479 | D        | Noticed a lich
  5479 | D        | Identified the +7 spear "Avenk" {chaos, +Rage Str+3 Int+6
                  | Dex+4}
  5480 | D        | Identified the +5 double sword of Mutilation {flame, Dex+5}
  5480 | D        | Killed a lich
  5481 | D        | Reached skill level 27 in Fighting
  5484 | D        | Killed a lich
  5487 | D        | Reached skill level 10 in Spellcasting
  5499 | D        | Found a transporter.
  5540 | D        | Got the Grimoire of Moulding and Lightness
  5566 | D        | Entered arena 28.
  5573 | D        | Noticed a shard shrike
  5575 | D        | Noticed an Ice Fiend
  5575 | D        | Noticed a shard shrike
  5575 | D        | Noticed an Ice Fiend
  5576 | D        | Found the amulet of the Four Winds {rN+ Will+++ Clar}
  5576 | D        | Killed an Ice Fiend
  5576 | D        | Killed an Ice Fiend
  5576 | D        | Killed a shard shrike
  5576 | D        | Noticed a shard shrike
  5577 | D        | Found the +12 glaive of Prune {vorpal}
  5579 | D        | Killed a shard shrike
  5580 | D        | Reached XP level 20. HP: 177/177 MP: 29/37
  5580 | D        | Noticed an Ice Fiend
  5581 | D        | Noticed a shard shrike
  5584 | D        | Killed a shard shrike
  5584 | D        | Killed a shard shrike
  5584 | D        | Killed an Ice Fiend
  5585 | D        | Reached skill level 15 in Spellcasting
  5605 | D        | Found a transporter.
  5627 | D        | Got the ring "Keiddu" {Str+6 Slay+6}
  5638 | D        | Found the +7 lajatang of Order {silver, rMut}
  5690 | D        | Got the Orb of Zot
  5691 | D        | Noticed an Ice Fiend
  5696 | D        | Killed an Ice Fiend
  5768 | D        | Noticed a Tzitzimitl
  5777 | D        | Killed a Tzitzimitl
  5778 | D        | Reached XP level 21. HP: 183/183 MP: 40/40
  5780 | D        | Escaped with the Orb!

Illustrated notes

Levels and vault maps discovered:
D:        sprint_v [room_start, room_1, room_2, room_3, room_4, room_5, room_6,
          room_7, room_8, room_9, room_10, room_11, room_12, room_13, room_14,
          room_15, room_16, room_17, room_18, room_19, room_20, room_21,
          room_22, room_23, room_24, room_25, room_26, room_27]

Skill      XL: |  1  2  3  4  5  6  7  8  9 10 11 12 13 14 15 16 17 18 19 20 |
---------------+-------------------------------------------------------------+-----
Fighting       | 3 6 7 8 9 11 13 14 16 17 19 20 22 25 27 | 27.0
Armour         | 2 6 8 10 13 15 16 18 20 21 23 25 27 | 27.0
Shields        | 2 6 8 10 13 15 16 18 20 21 23 25 27 | 27.0
Invocations    | 2 6 8 10 13 15 16 18 20 21 23 25 27 | 27.0
Slings         | 14 19 22 24 27 | 27.0
Dodging        | 17 21 | 21.1
Spellcasting   | 13 15 | 15.8
Long Blades    | |  2.0
Stealth        | |  4.3

Action                   |  1- 3 |  4- 6 |  7- 9 | 10-12 | 13-15 | 16-18 | 19-21 || total
-------------------------+-------+-------+-------+-------+-------+-------+-------++-------
Melee: Shillelagh        |     5 |     9 |    16 |    14 |    14 |       |       ||    58
 Fire: Fustibalus        |       |       |       |       |     5 |    26 |    46 ||    77
Invok: Upheaval          |       |       |    12 |     3 |    16 |       |     1 ||    32
       Disaster Area     |       |       |     2 |     8 |    15 |    11 |     7 ||    43
       Elemental Force   |       |       |       |       |       |       |     1 ||     1
  Use: Potion            |       |       |     2 |       |     4 |       |     1 ||     7
       Scroll            |       |       |       |     1 |       |     8 |       ||     9
Armor: Plate armour      |     3 |     9 |     4 |    21 |    14 |       |       ||    51
       Gold dragon scale |       |       |       |       |       |     8 |     2 ||    10
Dodge: Dodged            |       |       |     1 |     3 |     2 |     5 |     2 ||    13
       Repelled          |       |       |       |       |       |     2 |       ||     2
Block: Kite shield       |     5 |    17 |    37 |    50 |    39 |    37 |    21 ||   206
